 Dungeon Crawl Stone Soup version 0.20.0-10-g0535bb4 (webtiles) character file.

17249 Gadfly the Nimble (level 12, -4/84 HPs)
             Began as a Kobold Berserker on June 7, 2017.
             Was a High Priest of Trog.
             Slain by an orc knight
             ... wielding a +0 battleaxe
              (25 damage)
             ... on level 1 of the Orcish Mines.
             The game lasted 00:37:03 (16855 turns).

Gadfly the Nimble (Kobold Berserker)               Turns: 16855, Time: 00:37:03

Health: -4/84      AC:  8    Str: 15    XL:     12   Next: 80%
Magic:  19/19      EV: 26    Int: 11    God:    Trog [*****.]
Gold:   737        SH:  3    Dex: 18    Spells: 11/11 levels left

rFire    . . .     SeeInvis .   O - +0 dagger (elec)
rCold    + + .     Gourm    .   (shield restricted)
rNeg     + . .     Faith    .   l - +2 robe {rC+}
rPois    .         Spirit   .   (helmet restricted)
rElec    .         Reflect  +   m - +0 cloak
rCorr    .         Harm     .   w - +0 pair of gloves
MR       .....     Rnd*Tele +   (no boots)
Stlth    ++........             H - +3 amulet of reflection
Regen    0.3/turn               q - ring of positive energy
MPRegen  0.2/turn               I - ring of Happiness {+Fly Int+2}

@: no status effects
A: antennae 1, slimy green scales 1, carnivore 3, cold resistance 1, robust 1,
teleportitis 1
a: Berserk, Trog's Hand, Brothers in Arms, Burn Spellbooks, Renounce Religion,
Evoke Flight


You were on level 1 of the Orcish Mines.
You worshipped Trog.
Trog was extremely pleased with you.
You were completely stuffed.

You visited 2 branches of the dungeon, and saw 13 of its levels.
You also visited: Sewer.

You collected 737 gold pieces.

Inventory:

Hand Weapons
 u - a +0 rapier
 x - a +2 dagger of venom
 L - a +3 dagger
 M - a +4 antimagic dagger
 O - a +0 dagger of electrocution (weapon)
Missiles
 n - 240 stones (quivered)
 t - 9 tomahawks
 G - a tomahawk of dispersal
 N - 4 tomahawks of returning
Armour
 i - a +1 leather armour
 l - a +2 robe of cold resistance (worn)
 m - a +0 cloak (worn)
 v - a +2 robe of magic resistance
 w - a +0 pair of gloves (worn)
Jewellery
 q - a ring of positive energy (left hand)
 H - a +3 amulet of reflection (around neck)
 I - the ring of Happiness (right hand) {+Fly Int+2}
   (You found it on level 9 of the Dungeon)

   [ring of intelligence]

   It affects your intelligence (+2).
   It lets you fly.
Wands
 g - a wand of iceblast (4/15)
 B - a wand of confusion (30/48)
 C - a wand of flame (18/48)
Scrolls
 a - 2 scrolls of teleportation
 d - 8 scrolls of identify
 f - 3 scrolls of remove curse
 h - 4 scrolls of blinking
 o - 2 scrolls of enchant armour
 s - 3 scrolls of fog
 z - 3 scrolls of recharging
 E - a scroll of magic mapping
Potions
 b - 2 potions of agility
 j - 4 potions of haste
 r - 2 potions of curing
 D - 3 potions of resistance
Books
 A - a book of Necromancy

   Spells                             Type                      Level
   a - Pain                           Necromancy                   1
   b - Animate Skeleton               Necromancy                   1
   c - Vampiric Draining              Necromancy                   3
   d - Regeneration                   Charms/Necromancy            3
   e - Animate Dead                   Necromancy                   4
   f - Control Undead                 Necromancy                   4
   Trog disapproves of the use of such an item.
 F - a book of Necromancy

   Spells                             Type                      Level
   a - Pain                           Necromancy                   1
   b - Animate Skeleton               Necromancy                   1
   c - Vampiric Draining              Necromancy                   3
   d - Regeneration                   Charms/Necromancy            3
   e - Animate Dead                   Necromancy                   4
   f - Control Undead                 Necromancy                   4
   Trog disapproves of the use of such an item.
Miscellaneous
 K - a phantom mirror
Comestibles
 c - 7 meat rations
 k - 7 chunks of flesh
 p - 15 royal jellies


   Skills:
 + Level 10.2 Fighting
 + Level 11.9 Short Blades
 * Level 8.7 Throwing
 + Level 2.8 Armour
 + Level 12.8 Dodging
 - Level 0.8 Stealth
 * Level 9.5 Evocations


You had 11 spell levels left.
You didn't know any spells.

Dungeon Overview and Level Annotations

Branches:
Dungeon (11/15)            Temple (0/1) D:5             Orc (2/2) D:10
   Lair: D:8-11         Elf: Orc:2

Altars:
Sif Muna
The Shining One

Annotations:
D:9 Maurice


Innate Abilities, Weirdness & Mutations

You are small and have problems with some larger weapons.
You are carnivorous and can eat meat at any time.
You have a pair of small antennae on your head.
You are partially covered in slimy green scales. (AC +2)
Your flesh is cold resistant. (rC+)
You are robust. (+10% HP)
You are occasionally teleported next to monsters.


Message History

The orc warrior is almost dead.
You closely miss the orc warrior.
The orc warrior is almost dead.
The orc knight barely misses you.
You closely miss the orc warrior.
The orc warrior is almost dead.
The orc warrior hits you with a scimitar!!
You closely miss the orc warrior.
The orc warrior is almost dead.
The orc knight hits you with a battleaxe!
You hit the orc warrior.
The orc warrior is almost dead.
The orc warrior hits you with a scimitar!
* * * LOW HITPOINT WARNING * * *
You hit the orc warrior but do no damage.
The orc warrior is almost dead.
You hit the orc warrior but do no damage.
The orc warrior is almost dead.
The orc knight hits you with a battleaxe!!
You die...

### ##o## ##)@o######
##.........##
#...........#
###..........## ###
######............# ##.##
##..##......)[.....###...#
#..........)#............#
##.........<#...........##
##.........##..........##


You could see an orc knight and an orc warrior.

Vanquished Creatures
  Snorg (D:10)
  Erica (D:9)
  2 two-headed ogres (D:9)
  A centaur warrior (D:9)
  Nergalle (D:10)
  Pikel (D:7)
  An ugly thing (D:9)
  A cyclops (D:10)
  Psyche (D:10)
  A gargoyle (D:10)
  3 trolls
  2 hornets
  3 hippogriffs
  Grinder (D:3)
  Sigmund (D:4)
  A shadow (D:9)
  5 yaks (D:10)
  A wyvern (D:9)
  Eustachio (D:6)
  Grum (D:9)
  A vampire mosquito (D:9)
  3 hungry ghosts (D:8)
  2 soldier ants (D:8)
  A water moccasin (D:9)
  2 ice beasts
  7 orc warriors
  6 black bears
  2 sky beasts
  5 centaurs
  12 ogres
  A crocodile (D:9)
  4 wolves (D:9)
  Blork the orc (D:8)
  A big kobold (D:9)
  4 bullfrogs
  2 gnoll sergeants
  A water moccasin zombie (D:9)
  3 scorpions
  18 killer bees
  3 wights (D:8)
  2 howler monkeys
  3 crimson imps
  A centaur zombie (D:5)
  A hound (D:9)
  3 jellies
  10 orc priests
  A bullfrog zombie (D:11)
  15 orc wizards
  A centaur skeleton (D:8)
  3 bullfrog skeletons
  7 iguanas
  6 worker ants
  2 hound zombies
  2 worker ant zombies
  13 gnolls
  2 howler monkey skeletons
  18 adders
  2 shadow imps
  An ooze (D:4)
  3 adder skeletons
  4 worms (D:2)
  A dart slug (D:3)
  7 leopard geckos
  62 orcs
  8 giant cockroaches
  12 goblins
  7 hobgoblins
  22 jackals
  19 kobolds
  3 quokkas
  7 ball pythons
  A ball python zombie (D:5)
  3 bats
  6 frilled lizards
  A giant cockroach zombie (D:5)
  A leopard gecko skeleton (D:4)
  A quokka skeleton (D:4)
  A quokka zombie (D:6)
  3 rats
  2 plants (Sewer)
376 creatures vanquished.

Vanquished Creatures (collateral kills)
  An unseen horror (D:8)
1 creature vanquished.

Vanquished Creatures (others)
  A hippogriff (D:7)
  A black bear (D:7)
  2 slaves (D:7)
  An ogre (D:7)
  An orc (D:7)
  A plant (Sewer)
7 creatures vanquished.

Grand Total: 384 creatures vanquished

Notes
Turn   | Place    | Note
-------+----------+-------------------------------------------
     0 | D:1      | Gadfly the Kobold Berserker began the quest for the Orb.
     0 | D:1      | Reached XP level 1. HP: 14/14 MP: 1/1
   201 | D:1      | Reached XP level 2. HP: 16/19 MP: 2/2
   740 | D:1      | Reached XP level 3. HP: 24/24 MP: 3/3
   935 | D:2      | Reached skill level 1 in Throwing
  1083 | D:2      | Reached XP level 4. HP: 29/29 MP: 4/4
  1103 | D:2      | Reached skill level 3 in Dodging
  1577 | D:3      | Reached ** piety under Trog
  1736 | D:3      | Reached XP level 5. HP: 33/33 MP: 5/5
  1751 | D:3      | Reached skill level 5 in Short Blades
  1901 | D:3      | Noticed Grinder
  1912 | D:3      | Paralysed by Grinder for 6 turns
  1929 | D:3      | Killed Grinder
  1929 | D:3      | Reached XP level 6. HP: 15/39 MP: 5/7
  2497 | D:4      | Reached skill level 4 in Dodging
  2497 | D:4      | Reached XP level 7. HP: 19/44 MP: 8/8
  2507 | D:4      | HP: 2/44 [orc wizard/dagger of speed (3)]
  2692 | D:4      | Reached skill level 5 in Fighting
  2696 | D:4      | HP: 1/44 [orc/trident (5)]
  3096 | D:4      | Noticed Sigmund
  3121 | D:4      | Killed Sigmund
  3121 | D:4      | Reached XP level 8. HP: 12/49 MP: 8/10
  3632 | D:4      | Reached *** piety under Trog
  4895 | D:5      | Entered Level 5 of the Dungeon
  4921 | D:5      | Found a staircase to the Ecumenical Temple.
  4943 | D:5      | Found a glowing golden altar of the Shining One.
  5014 | D:5      | Reached skill level 5 in Dodging
  5024 | D:5      | Found a glowing drain.
  5060 | Sewer    | Entered a sewer
  5144 | Sewer    | Reached **** piety under Trog
  5924 | D:5      | Reached XP level 9. HP: 33/55 MP: 12/12
  6382 | D:6      | Noticed Eustachio
  6434 | D:6      | Reached skill level 6 in Dodging
  6456 | D:6      | Reached skill level 5 in Evocations
  6648 | D:6      | Killed Eustachio
  6909 | D:6      | Reached ***** piety under Trog
  7134 | D:6      | Reached skill level 7 in Dodging
  7306 | D:6      | Gained mutation: You are resistant to hostile enchantments. (MR+) [potion of mutation]
  7306 | D:6      | Gained mutation: You are dopey. (Int -2) [potion of mutation]
  7306 | D:6      | Gained mutation: You possess an exceptional clarity of mind. [potion of mutation]
  7403 | D:7      | Reached skill level 5 in Throwing
  7693 | D:7      | Noticed Pikel
  7710 | D:7      | Noticed a hippogriff
  7715 | D:7      | Killed Pikel
  7715 | D:7      | Reached skill level 8 in Dodging
  7715 | D:7      | Reached XP level 10. HP: 28/61 MP: 14/14
  8569 | D:8      | Noticed Blork the orc
  8596 | D:8      | Reached skill level 10 in Short Blades
  8599 | D:8      | Killed Blork the orc
  8599 | D:8      | Received a gift from Trog
  8604 | D:8      | Reached skill level 9 in Dodging
  9676 | D:8      | Reached XP level 11. HP: 12/68 MP: 16/16
 10060 | D:8      | HP: 5/102 [something (7)]
 10066 | D:8      | Killed an unseen horror
 10066 | D:8      | Reached skill level 10 in Dodging
 10619 | D:9      | Found a deep blue altar of Sif Muna.
 10667 | D:9      | Noticed a cyan ugly thing
 10686 | D:9      | Killed a cyan ugly thing
 10688 | D:9      | Noticed a centaur warrior
 10707 | D:9      | Killed a centaur warrior
 10731 | D:9      | Gained mutation: You are partially covered in slimy green scales. (AC +2) [mutagenic meat]
 10734 | D:9      | Gained mutation: You are robust. (+10% HP) [mutagenic meat]
 10737 | D:9      | Got a coiled copper ring
 11271 | D:9      | Identified the ring of Happiness {+Fly Int+2} (You found it on level 9 of the Dungeon)
 11374 | D:9      | Noticed a two-headed ogre
 11386 | D:9      | Killed a two-headed ogre
 11386 | D:9      | Reached skill level 11 in Dodging
 11448 | D:9      | Lost mutation: You are dopey. (Int -2) [potion of mutation]
 11448 | D:9      | Lost mutation: You are resistant to hostile enchantments. (MR+) [potion of mutation]
 11448 | D:9      | Gained mutation: Your flesh is cold resistant. (rC+) [potion of mutation]
 11448 | D:9      | Gained mutation: You have large cloven feet. [potion of mutation]
 11478 | D:9      | Noticed a two-headed ogre
 11488 | D:9      | Received a gift from Trog
 11527 | D:9      | HP: 2/75 [two-headed ogre/giant club (17)]
 11529 | D:9      | Killed a two-headed ogre
 11859 | D:9      | Lost mutation: You possess an exceptional clarity of mind. [potion of mutation]
 11859 | D:9      | Lost mutation: You have large cloven feet. [potion of mutation]
 11859 | D:9      | Gained mutation: You are occasionally teleported next to monsters. [potion of mutation]
 11859 | D:9      | Gained mutation: You have a pair of small antennae on your head. [potion of mutation]
 12125 | D:9      | Received a gift from Trog
 12542 | D:9      | Noticed Erica
 12574 | D:9      | Killed Erica
 12574 | D:9      | Reached XP level 12. HP: 46/83 MP: 18/18
 12846 | D:9      | Noticed Grum
 12857 | D:9      | Killed Grum
 13256 | D:9      | Reached skill level 12 in Dodging
 13553 | D:9      | Noticed Maurice
 14108 | D:10     | Entered Level 10 of the Dungeon
 14903 | D:10     | Found a staircase to the Orcish Mines.
 14996 | D:10     | Received a gift from Trog
 15331 | D:10     | Noticed Snorg
 15334 | D:10     | Noticed Psyche
 15345 | D:10     | Killed Snorg
 15366 | D:10     | Killed Psyche
 15366 | D:10     | Reached skill level 10 in Fighting
 15645 | D:10     | Noticed Nergalle
 15683 | D:10     | Killed Nergalle
 16495 | Orc:1    | Entered Level 1 of the Orcish Mines
 16668 | Orc:1    | Received a gift from Trog
 16782 | Orc:2    | Entered Level 2 of the Orcish Mines
 16855 | Orc:1    | Slain by an orc knight

Skill      XL: |  1  2  3  4  5  6  7  8  9 10 11 12 |
---------------+-------------------------------------+-----
Throwing       | 1 2 3 4 5 6 7 8 |  8.7
Dodging        | 3 4 5 8 9 11 12 | 12.8
Fighting       | 4 5 6 7 9 10 | 10.2
Short Blades   | 5 6 7 9 10 11 | 11.9
Armour         | 2 |  2.8
Evocations     | 2 3 4 5 7 8 9 |  9.5
Stealth        | |  0.8

Action                   |  1- 3 |  4- 6 |  7- 9 | 10-12 || total
-------------------------+-------+-------+-------+-------++-------
Melee: Short sword       |    21 |       |       |       ||    21
       Dagger            |    53 |   128 |   663 |  1166 ||  2010
       Kick              |       |       |       |    21 ||    21
Throw: Stone             |       |       |       |     2 ||     2
Invok: Berserk           |       |     1 |     3 |     9 ||    13
       Trog's Hand       |       |     1 |     1 |     1 ||     3
       Brothers in Arms  |       |       |       |     1 ||     1
       Burn Spellbooks   |       |       |       |     2 ||     2
  Use: Potion            |     4 |     4 |     8 |     5 ||    21
       Scroll            |     2 |     6 |     6 |     2 ||    16
 Stab: Distracted        |     2 |       |       |     1 ||     3
       Sleeping          |     3 |       |     2 |     8 ||    13
  Eat: Chunk             |     9 |     6 |    19 |    47 ||    81
       Meat ration       |       |       |       |     1 ||     1
Armor: Animal skin       |     8 |       |       |       ||     8
       Leather armour    |     9 |    29 |     6 |       ||    44
       Robe              |       |       |    67 |    86 ||   153
       Skin              |       |       |       |    19 ||    19
Dodge: Dodged            |    50 |    71 |   409 |   705 ||  1235
Block: Other             |       |       |       |    48 ||    48
       Reflection        |       |       |       |     2 ||     2
